Description

Try to not die?

Build Order

Get SALT Encoding   

  13  0:12  Overlord  
  16  0:51  Hatchery  
  18  1:10  Extractor  
  17  1:15  Spawning Pool  
  21  2:02  Queen x2  x 2
  21  2:07  Overlord  
  26  2:12  Metabolic Boost  
  30  2:41  Hatchery  
  30  2:43  Zergling x4  x 4
  33  2:52  Baneling Nest  
Spawning Tool Build Advisor. Get it on Overwolf

Analysis

Try to win?

Go to:

Details

  • Created by: CapnCrunch92
  • Published on: Aug 15, 2019
  • Modified on: Aug 15, 2019
  • Patch: 4.7.1
Show
View Real Time Build Order
Export as new Build Order

Comments (0)

There are no comments. Be the first!

Create an account to comment!